 Seeded DCSS version 0.29.1-2-gbd0b4ee654 (webtiles) character file.

Game seed: 20221128 (custom seed)

835 kingsuperguy the Chopper (level 7, -3/62 HPs)
             Began as a Minotaur Berserker on Nov 28, 2022.
             Was a Priest of Trog.
             Slain by Edmund
             ... wielding a +5 vorpal flail
              (11 damage)
             ... on level 3 of the Dungeon.
             The game lasted 00:05:36 (3489 turns).

kingsuperguy the Chopper (Minotaur Berserker)       Turns: 3489, Time: 00:05:37

Health: -3/62      AC:  7    Str: 23    XL:     7   Next: 66%
Magic:  6/6        EV: 11    Int:  4    God:    Trog [***...]
Gold:   192        SH:  0    Dex: 10    Spells: 6/6 levels left

rFire   . . .      SeeInvis .   a - +0 hand axe
rCold   . . .      Faith    .   (no shield)
rNeg    . . .      Spirit   .   e - +0 scale mail
rPois   .          Reflect  .   (helmet restricted)
rElec   .          Harm     .   (no cloak)
rCorr   .          Rampage  .   (no gloves)
Will    .....                   (no boots)
Stlth   ..........              (no amulet)
HPRegen 0.20/turn               (no ring)
MPRegen 0.10/turn               (no ring)

@: no status effects
A: horns 2, retaliatory headbutt
a: Renounce Religion, Berserk, Trog's Hand


You were on level 3 of the Dungeon.
You worshipped Trog.
Trog was most pleased with you.
You visited 1 branch of the dungeon, and saw 4 of its levels.

You collected 192 gold pieces.

Inventory:

Hand Weapons
 a - a +0 hand axe (weapon)
 l - a +2 whip of freezing
Armour
 b - a +0 animal skin
 c - a +0 leather armour
 e - a +0 scale mail (worn)
 u - a +2 robe of fire resistance
Jewellery
 p - an amulet of magic regeneration
Scrolls
 d - 4 scrolls of butterflies
 g - a scroll of torment
 m - a scroll of teleportation
 n - a scroll of blinking
 q - a scroll of enchant armour
 r - a scroll of magic mapping
Potions
 f - 4 potions of curing {unknown}
 h - 2 potions of mutation {unknown}
 i - 2 potions of heal wounds
 j - 2 potions of ambrosia {unknown}
 k - a potion of attraction {unknown}
 o - a potion of brilliance {unknown}
 s - a potion of cancellation {unknown}
 t - a potion of flight {unknown}


   Skills:
 + Level 5.9 Fighting
 + Level 7.8 Axes
 + Level 5.3 Armour
 + Level 3.5 Dodging
 + Level 1.3 Stealth


You had 6 spell levels left.
You didn't know any spells.
Your spell library was empty.

Dungeon Overview and Level Annotations

Branches:
Dungeon (4/15)
 Temple: D:4-7

Altars:
Yredelemnul
The Shining One

Annotations:
D:3 Edmund
D:4 Menkaure


Innate Abilities, Weirdness & Mutations

You have a pair of horns on your head.
You reflexively headbutt those who attack you in melee.


Message History

The jackal misses you. You furiously retaliate!
You headbutt the jackal!
You kill the jackal!
Trog accepts your kill. Edmund misses you.
The goblin hits you but does no damage. The jackal bites you.
You hit Edmund. Your headbutt misses Edmund.
Edmund is lightly wounded.
You hit the goblin.
You kill the goblin!
Trog accepts your kill.
You closely miss the jackal. The jackal bites you.
Edmund hits you with a +5 vorpal flail.
You hit Edmund but do no damage.
Edmund is lightly wounded.
You closely miss the jackal.
The jackal bites you but does no damage.
Edmund misses you.
You barely miss Edmund. You headbutt Edmund, but do no damage.
Edmund is lightly wounded.
You closely miss the jackal. The jackal bites you.
Edmund hits you with a +5 vorpal flail.
You closely miss Edmund.
Edmund is lightly wounded.
You slash the jackal!
You kill the jackal!
Trog accepts your kill. Edmund hits you with a +5 vorpal flail!
You slash Edmund! You headbutt Edmund!
Edmund is heavily wounded.
Edmund completely misses you.
You slash Edmund!
Edmund is severely wounded.
You hit Edmund.
Edmund is severely wounded.
Edmund hits you with a +5 vorpal flail!
* * * LOW HITPOINT WARNING * * *
x2 You closely miss Edmund.
Edmund is severely wounded.
Edmund hits you with a +5 vorpal flail!
You die...

#.#.............# #........#.#
#..........#..### #.########.#
####.####.##..########.# #.# #.#
#...............# #.# #.#
#..###.##.#####.# #†# ####.#
#..###.##.# #.# #.#
..)..######).....# #.# #.#
#######...##...@)# #.# #.. #
##.....##...@#####.# ### #
#.......#...[[.....# #
#..._...#...###.####
#####.......##.## #.#########
..).##.....###.# #.##......#
.....##...####.## #)##.####.##
####..##)##.#...###.##.###...##
........).....÷..##.##.##.....###
####.#######........##.#.........


You could see Edmund.

Vanquished Creatures
  Pikel (D:3)
  Duvessa (D:3)
  An ice beast (D:3)
  A lemure (D:3)
  Dowan (D:3)
  Jessica (D:2)
  Robin (D:3)
  4 adders
  2 worms
  3 dart slugs
  8 ball pythons
  5 bats
  9 endoplasms
  A giant cockroach (D:1)
  9 hobgoblins
  8 jackals
  8 kobolds
  8 quokkas
  A frilled lizard (D:1)
  13 goblins
  5 rats
91 creatures vanquished.

Notes
Turn   | Place    | Note
-------+----------+-------------------------------------------
     0 | D:1      | kingsuperguy the Minotaur Berserker began the quest for the
                  | Orb.
     0 | D:1      | Reached XP level 1. HP: 19/19 MP: 0/0
    91 | D:1      | Found a faded altar of an unknown god.
   424 | D:1      | Reached XP level 2. HP: 21/27 MP: 1/1
   634 | D:1      | Reached skill level 4 in Axes
  1035 | D:1      | Reached XP level 3. HP: 32/34 MP: 2/2
  1444 | D:2      | Noticed Jessica
  1450 | D:2      | Killed Jessica
  1451 | D:2      | Reached XP level 4. HP: 24/41 MP: 3/3
  1653 | D:2      | Reached ** piety under Trog
  2124 | D:3      | Noticed an ice beast
  2135 | D:3      | Killed an ice beast
  2136 | D:3      | Reached skill level 5 in Fighting
  2136 | D:3      | Reached skill level 5 in Axes
  2136 | D:3      | Reached XP level 5. HP: 48/48 MP: 4/4
  2420 | D:3      | Found a glowing golden altar of the Shining One.
  2420 | D:3      | Noticed Robin
  2446 | D:3      | Killed Robin
  2447 | D:3      | Reached skill level 1 in Stealth
  2985 | D:3      | Reached *** piety under Trog
  3082 | D:4      | Noticed Duvessa
  3082 | D:4      | Noticed Dowan
  3082 | D:4      | Noticed Edmund
  3082 | D:4      | Noticed Pikel
  3082 | D:4      | Noticed a lemure
  3082 | D:4      | Noticed a lemure
  3082 | D:4      | Noticed a lemure
  3103 | D:4      | Noticed an orc warrior
  3103 | D:4      | Noticed Menkaure
  3171 | D:4      | Noticed a lemure
  3171 | D:4      | Found a basalt altar of Yredelemnul.
  3176 | D:3      | Killed Dowan
  3177 | D:3      | Reached skill level 6 in Axes
  3177 | D:3      | Reached XP level 6. HP: 26/56 MP: 5/5
  3179 | D:3      | Killed Duvessa
  3189 | D:3      | HP: 4/84 [Pikel/+2 whip of freezing (2)]
  3190 | D:3      | Killed Pikel
  3191 | D:3      | Reached skill level 7 in Axes
  3191 | D:3      | Reached skill level 5 in Armour
  3191 | D:3      | Reached XP level 7. HP: 5/62 MP: 6/6
  3489 | D:3      | Slain by Edmund

Illustrated notes

Levels and vault maps discovered:
D:1:      lightli_arrival_farm, layout_basic,
          shapermc_ecumenical_altar_mp_urbaneastern, minmay_tiny_reverse_x
D:2:      layout_basic, columned_hall_lemuel, minmay_misc_feat_x, uniq_jessica
D:3:      layout_loops_ring, lemuel_round_altar, hangedman_decor_growths,
          uniq_robin
D:4:      minmay_opposing_rooms, layout_rooms, mainiacjoe_overflow_alcove_4,
          mainiacjoe_overflow_tiny_flanked, yredelemnul_altar_generic,
          minmay_fractal_squares_gapless_5, uniq_duvessa, uniq_edmund,
          uniq_menkaure, uniq_pikel

Skill      XL: |  1  2  3  4  5  6 |
---------------+-------------------+-----
Fighting       | 4 5 |  5.9
Axes           | 4 5 6 7 |  7.8
Armour         | 3 4 5 |  5.3
Stealth        | 1 |  1.3
Dodging        | 3 |  3.5

Action                   |  1- 3 |  4- 6 |  7- 9 || total
-------------------------+-------+-------+-------++-------
Melee: Hand axe          |    82 |   119 |    10 ||   211
       Headbutt          |    13 |    19 |     2 ||    34
       Punch             |     1 |     1 |       ||     2
Invok: Berserk           |       |     2 |       ||     2
  Use: Scroll            |       |     7 |       ||     7
Armor: Animal skin       |     1 |       |       ||     1
       Scale mail        |    22 |    46 |     5 ||    73
       Leather armour    |     1 |       |       ||     1
Dodge: Dodged            |    44 |    47 |     9 ||   100
